 Dungeon Crawl Stone Soup version 0.23.2-30-g0e89c35649 (webtiles) character file.

Game seed: 12136611047809189776

378 manyhoops the Sneak (level 6, -2/51 HPs)
             Began as a Gnoll Wanderer on June 20, 2019.
             Splashed by a jelly's acid (8 damage)
             ... on level 5 of the Dungeon on June 21, 2019.
             The game lasted 00:08:17 (3514 turns).

manyhoops the Sneak (Gnoll Wanderer)                Turns: 3514, Time: 00:08:19

Health: -2/51      AC: -2    Str: 18    XL:     6   Next: 74%
Magic:  9/9        EV: 11    Int: 14    God:
Gold:   290        SH:  0    Dex: 10    Spells: 9/9 levels left

rFire    . . .     SeeInvis +   a - +0 flail of Keeloilage {freeze, rElec rN++ Str+2 Dex-5} (curse)
rCold    . . .     Gourm    .   (no shield)
rNeg     + + .     Faith    .   t - +0 ring mail
rPois    .         Spirit   .   p - +0 helmet
rElec    +         Reflect  .   (no cloak)
rCorr    .         Harm     .   n - +1 pair of gloves
MR       .....                  B - +0 pair of boots (curse)
Stlth    ++........             (no amulet)
HPRegen  0.17/turn              y - ring of see invisible
MPRegen  0.11/turn              (no ring)

@: corroded
A: distributed training, fangs 1, strong nose
a: no special abilities


You were on level 5 of the Dungeon.
You were not hungry.

You visited 1 branch of the dungeon, and saw 5 of its levels.

You collected 290 gold pieces.

Inventory:

Hand Weapons
 a - the cursed +0 flail of Keeloilage (weapon) {freeze, rElec rN++ Str+2 Dex-5}
   (You found it on level 5 of the Dungeon)

   It has been specially enchanted to freeze those struck by it, causing extra
   injury to most foes and up to half again as much damage against particularly
   susceptible opponents.
   It can also slow down cold-blooded creatures.
   It affects your strength (+2).
   It affects your dexterity (-5).
   It insulates you from electricity.
   It greatly protects you from negative energy.
   It has a curse placed upon it.
 g - a +2 dagger of draining
 u - a +2 whip of draining
 v - a +1 flail of draining
Armour
 n - a +1 pair of gloves (worn)
 p - a +0 helmet (worn)
 t - a +0 ring mail (worn)
 B - a cursed +0 pair of boots (worn)
Jewellery
 y - a ring of see invisible (left hand)
Wands
 q - a wand of polymorph (11)
Scrolls
 b - 2 scrolls of remove curse
 d - 6 scrolls of teleportation
 h - a scroll of fear {unknown}
 i - a scroll of enchant weapon
 r - a scroll of enchant armour
 s - a scroll of fog
 w - a scroll of magic mapping
Potions
 c - 2 potions of curing
 j - a potion of magic
 k - a potion of heal wounds
 m - a potion of mutation {unknown}
 x - a potion of degeneration {unknown}
 z - a potion of might {unknown}
Comestibles
 f - 9 rations


   Skills:
 + Level 5.0 Fighting
 + Level 2.0 Short Blades
 + Level 2.0 Long Blades
 + Level 2.0 Axes
 + Level 2.0 Maces & Flails
 + Level 2.0 Polearms
 + Level 2.0 Staves
 + Level 2.0 Slings
 + Level 2.0 Bows
 + Level 2.0 Crossbows
 + Level 2.0 Throwing
 + Level 2.0 Armour
 + Level 2.0 Dodging
 + Level 6.3 Stealth
 + Level 2.0 Shields
 + Level 5.0 Unarmed Combat
 + Level 2.0 Spellcasting
 + Level 4.1 Conjurations
 + Level 1.6 Hexes
 + Level 2.7 Charms
 + Level 1.6 Summonings
 + Level 1.6 Necromancy
 + Level 1.6 Translocations
 + Level 1.6 Transmutations
 + Level 1.6 Fire Magic
 + Level 1.6 Ice Magic
 + Level 1.6 Air Magic
 + Level 1.6 Earth Magic
 + Level 1.6 Poison Magic
 + Level 2.2 Invocations
 + Level 2.0 Evocations


You had 9 spell levels left.
You didn't know any spells.
Your spell library contained the following spells:

 Spells                   Type           Power        Failure   Level  Hunger
 Throw Frost              Conj/Ice       #.....       19%         2    ###....
 Ensorcelled Hibernation  Hex/Ice        #.....       32%         2    ###....


Dungeon Overview and Level Annotations

Branches:
Dungeon (5/15)
 Temple: D:4-7

Altars:
Vehumet
Xom


Innate Abilities, Weirdness & Mutations

Your experience applies equally to all skills.
You have very sharp teeth.
Your uncanny sense of smell can sniff out nearby items.


Message History

You are too injured to fight recklessly!
You are too injured to fight recklessly!
You are too injured to fight recklessly!
You are too injured to fight recklessly!
You hit the jelly but do no damage.
Your hands burn!
You bite the jelly, but do no damage.
The jelly is almost dead.
The jelly barely misses you. The jelly hits you but does no damage.
You barely miss the jelly.
The jelly is almost dead.
The jelly hits you. The acid corrodes you!
You are splashed with acid!
* * * LOW HITPOINT WARNING * * *
You hit the jelly. You freeze the jelly.
Your hands burn!
* * * LOW HITPOINT WARNING * * *
You bite the jelly, but do no damage.
The jelly is almost dead.
The jelly hits you.
* * * LOW HITPOINT WARNING * * *
You are splashed with acid!
You die...

*,*******#..#.#
#.##.....# *,*
####..#.# #.##.###.#
*,* #.....#.###.##.#
#.# *,*
#.###..........# #.#
#.#####.#####.###.####
#.# #.............#
#.# #.#
#######.####### #.#
#.# #.# #####.######.#
#.# #.J@.........# #.#
#.....########
#.#####..####
########........∆,,*
................**,*
###############.**,*
*,,,,,,,,..**,*
*>*******##**,*
*,**,,,,,,,,,,*


You could see a jelly.

Vanquished Creatures
  An orc warrior (D:4)
  A howler monkey (D:4)
  An orc priest (D:4)
  An orc wizard (D:4)
  A gnoll (D:1)
  9 adders
  An ooze (D:3)
  3 worms (D:2)
  A dart slug (D:2)
  2 leopard geckos (D:2)
  6 orcs
  4 ball pythons
  5 giant cockroaches
  10 goblins
  6 hobgoblins
  11 jackals
  5 bats
  4 frilled lizards
  3 kobolds
  6 rats
81 creatures vanquished.

Notes
Turn   | Place    | Note
-------+----------+-------------------------------------------
     0 | D:1      | manyhoops the Gnoll Wanderer began the quest for the Orb.
     0 | D:1      | manyhoops set off with the following items: a +2 dagger, a
                  | potion of berserk rage, a scroll of teleportation, a +0
                  | robe, a ration; and the following spells available to
                  | memorise: Throw Frost, Ensorcelled Hibernation
     0 | D:1      | Reached XP level 1. HP: 20/20 MP: 1/1
   218 | D:1      | Reached XP level 2. HP: 24/26 MP: 2/2
   304 | D:1      | Reached XP level 3. HP: 31/31 MP: 3/3
   686 | D:2      | Reached skill level 6 in Stealth
   789 | D:2      | Reached skill level 1 in Invocations
  1118 | D:2      | Reached skill level 1 in Short Blades
  1118 | D:2      | Reached skill level 1 in Long Blades
  1118 | D:2      | Reached skill level 1 in Axes
  1118 | D:2      | Reached skill level 1 in Maces & Flails
  1118 | D:2      | Reached skill level 1 in Polearms
  1118 | D:2      | Reached skill level 1 in Staves
  1118 | D:2      | Reached skill level 1 in Slings
  1118 | D:2      | Reached skill level 1 in Bows
  1118 | D:2      | Reached skill level 1 in Crossbows
  1118 | D:2      | Reached skill level 1 in Throwing
  1118 | D:2      | Reached skill level 1 in Armour
  1118 | D:2      | Reached skill level 1 in Dodging
  1118 | D:2      | Reached skill level 1 in Shields
  1118 | D:2      | Reached skill level 1 in Spellcasting
  1118 | D:2      | Reached skill level 1 in Evocations
  1165 | D:2      | Reached XP level 4. HP: 36/38 MP: 5/5
  1997 | D:3      | Reached skill level 1 in Hexes
  1997 | D:3      | Reached skill level 1 in Summonings
  1997 | D:3      | Reached skill level 1 in Necromancy
  1997 | D:3      | Reached skill level 1 in Translocations
  1997 | D:3      | Reached skill level 1 in Transmutations
  1997 | D:3      | Reached skill level 1 in Fire Magic
  1997 | D:3      | Reached skill level 1 in Ice Magic
  1997 | D:3      | Reached skill level 1 in Air Magic
  1997 | D:3      | Reached skill level 1 in Earth Magic
  1997 | D:3      | Reached skill level 1 in Poison Magic
  2070 | D:3      | Reached XP level 5. HP: 40/43 MP: 6/6
  2640 | D:4      | Reached XP level 6. HP: 10/50 MP: 8/8
  2801 | D:4      | Noticed an orc warrior
  3015 | D:4      | Found a radiant altar of Vehumet.
  3147 | D:4      | Killed an orc warrior
  3147 | D:4      | Reached skill level 5 in Fighting
  3147 | D:4      | Reached skill level 5 in Unarmed Combat
  3315 | D:5      | Entered Level 5 of the Dungeon
  3429 | D:5      | Found a shimmering altar of Xom.
  3439 | D:5      | Got a shimmering flail
  3442 | D:5      | Identified the cursed +0 flail of Keeloilage {freeze, rElec
                  | rN++ Str+2 Dex-5} (You found it on level 5 of the Dungeon)
  3514 | D:5      | Splashed by a jelly's acid

Skill      XL: |  1  2  3  4  5  6 |
---------------+-------------------+-----
Charms         | 2 |  2.7
Stealth        | 6 |  6.3
Invocations    | 1 2 |  2.2
Short Blades   | 1 2 |  2.0
Long Blades    | 1 2 |  2.0
Axes           | 1 2 |  2.0
Maces & Flails | 1 2 |  2.0
Polearms       | 1 2 |  2.0
Staves         | 1 2 |  2.0
Slings         | 1 2 |  2.0
Bows           | 1 2 |  2.0
Crossbows      | 1 2 |  2.0
Throwing       | 1 2 |  2.0
Armour         | 1 2 |  2.0
Dodging        | 1 2 |  2.0
Shields        | 1 2 |  2.0
Spellcasting   | 1 2 |  2.0
Evocations     | 1 2 |  2.0
Hexes          | 1 |  1.6
Summonings     | 1 |  1.6
Necromancy     | 1 |  1.6
Translocations | 1 |  1.6
Transmutations | 1 |  1.6
Fire Magic     | 1 |  1.6
Ice Magic      | 1 |  1.6
Air Magic      | 1 |  1.6
Earth Magic    | 1 |  1.6
Poison Magic   | 1 |  1.6
Conjurations   | 4 |  4.1
Fighting       | 5 |  5.0
Unarmed Combat | 5 |  5.0

Action                   |  1- 3 |  4- 6 || total
-------------------------+-------+-------++-------
Melee: Dagger            |    80 |    29 ||   109
       Bite              |     8 |    18 ||    26
       Punch             |     1 |     3 ||     4
       Whip              |       |   111 ||   111
       Flail             |       |     7 ||     7
  Use: Potion            |       |     3 ||     3
       Scroll            |       |     7 ||     7
 Stab: Sleeping          |    10 |     8 ||    18
  Eat: Chunk             |       |     8 ||     8
Armor: Robe              |    17 |     5 ||    22
       Ring mail         |       |    43 ||    43
Dodge: Dodged            |    35 |    71 ||   106
